 Dungeon Sprint DCSS version 0.20-a0-1127-g1289703 (webtiles) character file.

71027 potatolord6000 the Warrior (level 14, -67/136 HPs)
             Began as a Demonspawn Gladiator on May 18, 2017.
             Was an Initiate of Gozag.
             Killed from afar by Jory (89 damage)
             ... with a crystal spear
             ... in the Dungeon (Sprint IX: "|||||||||||||||||||||||||||||").
             The game lasted 00:17:56 (4087 turns).

potatolord6000 the Warrior (Demonspawn Gladiator)   Turns: 4087, Time: 00:17:56

Health: -67/136    AC: 27    Str: 28    XL:     14   Next: 96%
Magic:  14/14      EV: 38    Int: 14    God:    Gozag
Gold:   1735       SH:  0    Dex: 33    Spells: 13/13 levels left

rFire    + + +     SeeInvis .   m - +9 quarterstaff (speed)
rCold    . . .     Gourm    .   (shield currently unavailable)
rNeg     . . .     Faith    .   p - +8 chain mail "Femor" {Str+2 Dex+6}
rPois    +         Spirit   .   o - +1 helmet
rElec    +         Reflect  .   a - +0 cloak
rCorr    +         Harm     .   (gloves unavailable)
MR       +....     NoTele   +   (no boots)
Stlth    ..........             u - amulet "Cicrio Seiri" {+Rage Str+2 Int+2 Dex+7}
Regen    0.4/turn               b - +2 ring of evasion
MPRegen  0.2/turn               v - ring of Moodiness {Fire rPois Int+2 Slay+2}

@: mighty, agile, resistant, flying, mesmerised, slowed, invisible, very slow
A: claws 3, fire resistance 1, powered by death 2, augmentation 1, sturdy frame
3
a: Potion Petition, Call Merchant, Bribe Branch, Renounce Religion, Evoke
Berserk Rage


You were in the Dungeon.
You worshipped Gozag.
Gozag was most pleased with you.
You were full.

You visited 1 branch You collected 19267 gold pieces.
You spent 7753 gold pieces at shops.
You paid 9779 gold pieces to Gozag.

Inventory:

Hand Weapons
 m - a +9 quarterstaff of speed (weapon)
Armour
 a - a +0 cloak (worn)
 o - a +1 helmet (worn)
 p - the +8 chain mail "Femor" (worn) {Str+2 Dex+6}
   (You bought it in a shop in the Dungeon)

   It affects your strength (+2).
   It affects your dexterity (+6).
Jewellery
 b - a +2 ring of evasion (left claw)
 u - the amulet "Cicrio Seiri" (around neck) {+Rage Str+2 Int+2 Dex+7}
   (You bought it in a shop in the Dungeon)

   [amulet of rage]

   It affects your strength (+2).
   It affects your intelligence (+2).
   It affects your dexterity (+7).
   It lets you go berserk.
 v - the ring of Moodiness (right claw) {Fire rPois Int+2 Slay+2}
   (You bought it in a shop in the Dungeon)

   [ring of fire]

   It enhances your fire magic.
   It affects your intelligence (+2).
   It affects your accuracy and damage with ranged weapons and melee attacks
   (+2).
   It protects you from fire.
   It makes you vulnerable to cold.
   It protects you from poison.
Scrolls
 c - a scroll of recharging
 f - 4 scrolls of identify
 h - 3 scrolls of remove curse
 k - 3 scrolls of blinking
 l - 2 scrolls of amnesia
 t - 3 scrolls of fog
Potions
 d - a potion of invisibility
 e - 10 potions of curing
 i - 4 potions of magic
 j - a potion of berserk rage
 n - a potion of resistance
Comestibles
 q - 40 fruits
 r - 12 bread rations
 s - 10 meat rations


   Skills:
 + Level 20.6 Fighting
 + Level 19.3 Staves
 - Level 1.7 Throwing
 + Level 19.2 Armour
 + Level 19.3 Dodging


You had 13 spell levels left.
You didn't know any spells.

Dungeon Overview and Level Annotations

Branches:
Dungeon (1/1)

Altars:
Cheibriados
Dithmenos
Elyvilon
Fedhas
Gozag
Hepliaklqana
Kikubaaqudgha
Makhleb
Nemelex Xobeh
Okawaru
Qazlal
Ru
Sif Muna
Trog
Uskayaw
Vehumet
Wu Jian
Xom
Yredelemnul
Zin
The Shining One
Beogh
Jiyva
Lugonu

Shops:
D ?[([[}:*:=[(

Annotations:
D Jory


Innate Abilities, Weirdness & Mutations

You have claws for hands.
Your flesh is heat resistant. (rF+)
You regenerate health from kills.
Your magical and physical power is slightly enhanced at high health.
Your movements are significantly less encumbered by armour. (ER -6)


Message History

Jory is infused with unholy energy.
Jory draws life force from you and is healed!
You bludgeon Jory!!
Jory is severely damaged.
Jory frowns.
Jory is infused with unholy energy.
* * * LOW HITPOINT WARNING * * *
Jory draws life force from you and is healed! [a] - 600 gold - invisibility, agility, resistance and flight [b] - 432 gold - resistance, agility and might [c] - 364 gold - haste and brilliance Purchase which effect?
You fade into invisibility!
You feel more agile all of a sudden.
You feel protected.
You feel very buoyant.
You fly up into the air.
Jory gestures at you while chanting. The crystal spear hits you!
Ouch! That really hurt!
You die...
Your body crumbles into a pile of gold.

▓▓▓▓▓▓▓▓▓▓▓▓▓▓▓▓▓▓
..▓...▓...▓...▓...
▓.▓[▓.▓.▓.▓.▓.▓.▓.
▓V▓[▓.▓.▓.▓.▓.▓.▓.
▓@▓[▓.▓.▓.▓.▓.▓.▓.
▓.▓)▓.▓.▓.▓.▓.▓.▓'
▓.▓)▓.▓.▓.▓.▓.▓.▓.
▓.▓)▓.▓.▓.▓.▓.▓.▓.
▓.▓.▓.▓.▓.▓.▓.▓.▓[
▓.▓.▓.▓.▓.▓.▓.▓.▓[
▓'▓.▓.▓.▓'▓.▓'▓.▓[
▓.▓.▓.▓.▓.▓(▓∩▓.▓[
▓.▓.▓.▓.▓.▓.▓.▓.▓.


You could see Jory.

Vanquished Creatures
  Saint Roka (D)
  Rupert (D)
  A lich (D)
  Kirke (D)
  A frost giant (D)
  2 vault wardens (D)
  A ghost moth (D)
  A vampire knight (D)
  An ironheart preserver (D)
  A very ugly thing (D)
  3 stone giants (D)
  2 spark wasps (D)
  An ettin (D)
  2 fire dragons (D)
  A merfolk impaler (D)
  3 great orbs of eyes (D)
  A hydra (D)
  A merfolk avatar (D)
  An ice dragon (D)
  3 centaur warriors (D)
  A ghost crab (D)
  An alligator (D)
  4 ogre magi (D)
  3 two-headed ogres (D)
  2 deep troll earth magi (D)
  6 deep troll shamans (D)
  A tengu warrior (D)
  2 shock serpents (D)
  A salamander mystic (D)
  A shadow wraith (D)
  2 unseen horrors (D)
  A glowing orange brain (D)
  A spriggan druid (D)
  4 deep trolls (D)
  2 swamp dragons (D)
  A flayed ghost (D)
  A deep elf archer (D)
  An ironbrand convoker (D)
  3 orc knights (D)
  An orc sorcerer (D)
  2 ugly things (D)
  An orb spider (D)
  2 manticores (D)
  2 wolf spiders (D)
  A vault sentinel (D)
  A cyclops (D)
  A guardian serpent (D)
  Joseph (D)
  2 water nymphs (D)
  A naga mage (D)
  7 black mambas (D)
  2 gargoyles (D)
  4 spiny frogs (D)
  5 yaktaurs (D)
  A komodo dragon (shapeshifter) (D)
  A freezing wraith (D)
  6 trolls (D)
  2 wind drakes (D)
  2 jumping spiders (D)
  A merfolk (D)
  A bog body (D)
  2 tyrant leeches (D)
  A blink frog (shapeshifter) (D)
  A hippogriff (D)
  A snapping turtle (D)
  3 blink frogs (D)
  2 tarantellas (D)
  A vampire (D)
  A yak (D)
  A basilisk (D)
  A wyvern (D)
  Grum (D)
  2 hogs (D)
  A wyvern (shapeshifter) (D)
  3 vampire mosquitoes (D)
  2 water moccasins (D)
  A porcupine (D)
  10 orc warriors (D)
  An ice beast (D)
  An eye of draining (D)
  A black bear (D)
  3 wolves (D)
  2 ogres (D)
  A centaur (D)
  A crocodile (D)
  6 bullfrogs (D)
  A crimson imp (D)
  4 orc wizards (D)
  2 orc priests (D)
  A worker ant (D)
  An adder skeleton (D)
  An adder zombie (D)
  10 orcs (D)
  A bat (D)
  A bat skeleton (D)
  A giant cockroach (D)
  A goblin (D)
  2 hobgoblins (D)
  A quokka (D)
191 creatures vanquished.

Vanquished Creatures (others)
  An alligator (D)
  An orc knight (D)
2 creatures vanquished.

Grand Total: 193 creatures vanquished

Notes
Turn   | Place    | Note
-------+----------+-------------------------------------------
     0 | D        | potatolord6000 the Demonspawn Gladiator began the quest for the Orb.
     0 | D        | Reached XP level 1. HP: 16/16 MP: 1/1
     8 | D        | Reached skill level 1 in Armour
   126 | D        | Noticed a worker ant
   126 | D        | Noticed a crimson imp
   135 | D        | Gained mutation: Your movements are slightly less encumbered by armour. (ER -2) [demonic ancestry]
   135 | D        | Reached XP level 2. HP: 20/23 MP: 2/2
   147 | D        | Reached skill level 3 in Fighting
   151 | D        | Gained mutation: You regenerate a little health from kills. [demonic ancestry]
   151 | D        | Reached XP level 3. HP: 16/29 MP: 3/3
   155 | D        | Reached skill level 4 in Fighting
   155 | D        | Gained mutation: You have sharp fingernails. [demonic ancestry]
   155 | D        | Reached XP level 4. HP: 20/37 MP: 4/4
   167 | D        | Found a roughly hewn altar of Beogh.
   167 | D        | Found a snail-covered altar of Cheibriados.
   167 | D        | Found a shadowy altar of Dithmenos.
   167 | D        | Found a white marble altar of Elyvilon.
   167 | D        | Found a blossoming altar of Fedhas.
   167 | D        | Found an opulent altar of Gozag.
   168 | D        | Found a hazy altar of Hepliaklqana.
   169 | D        | Found a viscous altar of Jiyva.
   170 | D        | Found an ancient bone altar of Kikubaaqudgha.
   171 | D        | Found a corrupted altar of Lugonu.
   172 | D        | Found a burning altar of Makhleb.
   173 | D        | Found a sparkling altar of Nemelex Xobeh.
   174 | D        | Found an iron altar of Okawaru.
   175 | D        | Became a worshipper of Gozag Ym Sagoz the Greedy
   176 | D        | Found a stormy altar of Qazlal.
   177 | D        | Found a sacrificial altar of Ru.
   178 | D        | Found a deep blue altar of Sif Muna.
   179 | D        | Found a bloodstained altar of Trog.
   180 | D        | Found a hide-covered altar of Uskayaw.
   181 | D        | Found a radiant altar of Vehumet.
   182 | D        | Found an ornate altar of the Wu Jian Council.
   183 | D        | Found a shimmering altar of Xom.
   184 | D        | Found a basalt altar of Yredelemnul.
   185 | D        | Found a glowing silver altar of Zin.
   186 | D        | Found a glowing golden altar of the Shining One.
   293 | D        | Noticed a hippogriff
   293 | D        | Noticed an ice beast
   293 | D        | Noticed a two-headed ogre
   293 | D        | Noticed a water moccasin
   293 | D        | Noticed a troll
   293 | D        | Noticed an ogre
   297 | D        | Killed an ogre
   297 | D        | Reached skill level 5 in Fighting
   297 | D        | Reached skill level 5 in Staves
   297 | D        | Reached skill level 5 in Dodging
   297 | D        | Gained mutation: Your flesh is heat resistant. (rF+) [demonic ancestry]
   297 | D        | Reached XP level 5. HP: 44/44 MP: 5/5
   305 | D        | Killed a troll
   305 | D        | Reached skill level 7 in Fighting
   305 | D        | Reached XP level 6. HP: 32/55 MP: 6/6
   315 | D        | Killed a water moccasin
   320 | D        | Killed a two-headed ogre
   320 | D        | Reached skill level 9 in Fighting
   320 | D        | Gained mutation: You have very sharp fingernails. [demonic ancestry]
   320 | D        | Reached XP level 7. HP: 42/64 MP: 7/7
   320 | D        | Reached XP level 8. HP: 47/71 MP: 8/8
   343 | D        | Killed a hippogriff
   584 | D        | Noticed a two-headed ogre
   584 | D        | Noticed a blink frog
   584 | D        | Noticed a gargoyle
   592 | D        | Killed a gargoyle
   592 | D        | Reached skill level 10 in Fighting
   611 | D        | Killed a two-headed ogre
   611 | D        | Reached skill level 10 in Staves
   611 | D        | Reached skill level 10 in Dodging
   611 | D        | Gained mutation: You have claws for hands. [demonic ancestry]
   611 | D        | Reached XP level 9. HP: 51/79 MP: 0/9
   632 | D        | Reached skill level 11 in Fighting
   632 | D        | Reached skill level 10 in Armour
   863 | D        | Bought the cursed +0 troll leather armour of the Peculiar Coins {rC+ MR+ Regen+ Dex-2} for 438 gold pieces
   880 | D        | Noticed a black mamba
   880 | D        | Noticed a black mamba
   880 | D        | Noticed a spiny frog
   880 | D        | Noticed a spiny frog
   884 | D        | Killed a spiny frog
   884 | D        | Gained mutation: Your movements are less encumbered by armour. (ER -4) [demonic ancestry]
   884 | D        | Reached XP level 10. HP: 89/89 MP: 10/10
   885 | D        | Noticed a black mamba
   895 | D        | Killed a spiny frog
   895 | D        | Reached skill level 12 in Fighting
   904 | D        | Killed a black mamba
   916 | D        | Killed a black mamba
   934 | D        | Killed a black mamba
   964 | D        | Bought the +8 chain mail "Femor" {Str+2 Dex+6} for 1092 gold pieces
  1112 | D        | Noticed a spiny frog
  1147 | D        | Killed a spiny frog
  1147 | D        | Reached skill level 13 in Fighting
  1379 | D        | Noticed an orc sorcerer
  1383 | D        | Noticed an orange demon
  1385 | D        | Noticed a stone giant
  1406 | D        | Killed an orc sorcerer
  1417 | D        | Killed a stone giant
  1417 | D        | Gained mutation: You regenerate health from kills. [demonic ancestry]
  1417 | D        | Reached XP level 11. HP: 47/98 MP: 11/11
  1481 | D        | Bought the amulet "Cicrio Seiri" {+Rage Str+2 Int+2 Dex+7} for 1191 gold pieces
  1485 | D        | Noticed an orc knight
  1489 | D        | Noticed an orc knight
  1492 | D        | Noticed an orc knight
  1506 | D        | Killed an orc knight
  1532 | D        | Killed an orc knight
  1546 | D        | Killed an orc knight
  1549 | D        | Reached skill level 14 in Fighting
  1604 | D        | Bought the ring of Moodiness {Fire rPois Int+2 Slay+2} for 829 gold pieces
  1623 | D        | Found Suript's Book Boutique.
  1623 | D        | Noticed a deep troll
  1623 | D        | Noticed an ogre mage
  1624 | D        | Noticed a deep troll
  1628 | D        | Noticed a stone giant
  1639 | D        | Killed a deep troll
  1640 | D        | Found Conur's Assorted Antiques.
  1648 | D        | Noticed a deep troll
  1650 | D        | Killed a stone giant
  1655 | D        | Found Xiocigav's Book Boutique.
  1661 | D        | Killed a deep troll
  1666 | D        | Killed a deep troll
  1667 | D        | Found Zaciamonn's Gadget Shop.
  1668 | D        | Noticed a deep troll
  1669 | D        | Noticed an ogre mage
  1672 | D        | Noticed an ogre mage
  1673 | D        | Killed an ogre mage
  1686 | D        | Killed a deep troll
  1692 | D        | Killed an ogre mage
  1692 | D        | Reached skill level 15 in Fighting
  1692 | D        | Reached XP level 12. HP: 101/109 MP: 12/12
  1698 | D        | Killed an ogre mage
  1758 | D        | Bought a potion of heal wounds for 150 gold pieces
  1758 | D        | Bought a potion of curing for 90 gold pieces
  1758 | D        | Bought a potion of curing for 90 gold pieces
  1792 | D        | Noticed Joseph
  1801 | D        | Killed Joseph
  1824 | D        | Noticed Grum
  1834 | D        | Killed Grum
  1994 | D        | Noticed a centaur warrior
  1997 | D        | Noticed a two-headed ogre
  2006 | D        | Noticed a great orb of eyes
  2012 | D        | Noticed a spark wasp
  2017 | D        | Killed a centaur warrior
  2018 | D        | Noticed a great orb of eyes
  2023 | D        | Killed a two-headed ogre
  2032 | D        | Noticed a deep troll earth mage
  2035 | D        | Paralysed by a great orb of eyes for 4 turns
  2037 | D        | Noticed a deep troll shaman
  2040 | D        | Noticed a fire dragon
  2042 | D        | Killed a great orb of eyes
  2042 | D        | Reached skill level 16 in Fighting
  2042 | D        | Reached skill level 15 in Staves
  2042 | D        | Reached skill level 15 in Dodging
  2053 | D        | Killed a spark wasp
  2061 | D        | Killed a great orb of eyes
  2061 | D        | Reached skill level 15 in Armour
  2074 | D        | Killed a deep troll earth mage
  2083 | D        | Killed a deep troll shaman
  2096 | D        | Killed a fire dragon
  2300 | D        | Noticed Rupert
  2313 | D        | Paralysed by Rupert for 3 turns
  2332 | D        | Killed Rupert
  2332 | D        | Gained mutation: Your movements are significantly less encumbered by armour. (ER -6) [demonic ancestry]
  2332 | D        | Reached XP level 13. HP: 66/119 MP: 13/13
  2526 | D        | Reached skill level 17 in Fighting
  2830 | D        | Bought diamond-encrusted storm dragon scales for 3145 gold pieces
  2830 | D        | Identified the +1 storm dragon scales "Orghulag" {rElec rN++ Dex+2} (You bought it in a shop in the Dungeon)
  3075 | D        | Noticed a merfolk impaler
  3091 | D        | Killed a merfolk impaler
  3252 | D        | Noticed a spark wasp
  3272 | D        | Reached skill level 18 in Fighting
  3275 | D        | Killed a spark wasp
  3291 | D        | Killed a ghost moth
  3371 | D        | Noticed Saint Roka
  3418 | D        | Killed Saint Roka
  3483 | D        | Noticed Kirke
  3503 | D        | Killed Kirke
  3503 | D        | Gained mutation: Your magical and physical power is slightly enhanced at high health. [demonic ancestry]
  3503 | D        | Reached XP level 14. HP: 97/131 MP: 14/14
  3658 | D        | Noticed a lich
  3668 | D        | Noticed a red very ugly thing
  3674 | D        | Reached skill level 19 in Fighting
  3675 | D        | Noticed a vampire knight
  3685 | D        | Noticed a stone giant
  3699 | D        | Killed a lich
  3703 | D        | Killed a red very ugly thing
  3737 | D        | Killed a vampire knight
  3743 | D        | Killed a stone giant
  3744 | D        | Noticed a frost giant
  3789 | D        | Killed a frost giant
  3831 | D        | Bought a scroll of acquirement for 728 gold pieces
  3847 | D        | Noticed a vault warden
  3861 | D        | Killed a vault warden
  3872 | D        | Reached skill level 20 in Fighting
  3901 | D        | Noticed a vault warden
  3910 | D        | Noticed an ironheart preserver
  3929 | D        | Killed a vault warden
  3940 | D        | Killed an ironheart preserver
  3969 | D        | Paralysed by an ogre mage for 5 turns
  4048 | D        | Noticed Jory
  4087 | D        | Killed from afar by Jory

Vault maps used:
D:        linesprint

Skill      XL: |  1  2  3  4  5  6  7  8  9 10 11 12 13 14 |
---------------+-------------------------------------------+-----
Staves         | 3 4 5 6 8 10 11 12 14 15 17 19 | 19.3
Armour         | 1 2 3 4 6 8 9 10 12 14 15 17 19 | 19.2
Dodging        | 3 4 5 6 8 10 11 12 14 15 17 19 | 19.3
Fighting       | 3 4 5 7 9 10 11 13 15 16 18 20 | 20.6
Throwing       | |  1.7

Action                   |  1- 3 |  4- 6 |  7- 9 | 10-12 | 13-15 || total
-------------------------+-------+-------+-------+-------+-------++-------
Melee: Quarterstaff      |    38 |    26 |   102 |   429 |   527 ||  1122
Invok: Call Merchant     |       |       |     2 |     3 |     3 ||     8
       Potion Petition   |       |       |       |       |     2 ||     2
  Use: Potion            |     1 |     1 |       |     3 |     7 ||    12
       Scroll            |       |       |     8 |       |     2 ||    10
 Stab: Distracted        |       |       |     1 |     3 |     7 ||    11
  Eat: Bread ration      |       |       |       |     1 |       ||     1
       Royal jelly       |       |       |       |     1 |       ||     1
       Meat ration       |       |       |       |       |     2 ||     2
Armor: Leather armour    |     6 |     4 |    10 |       |       ||    20
       Troll leather arm |       |       |     1 |     4 |       ||     5
       Chain mail        |       |       |       |    58 |    95 ||   153
Dodge: Dodged            |    23 |    17 |    43 |   166 |   266 ||   515
